 Dungeon Crawl Stone Soup version 0.29-a0-284-gf9362112df (webtiles) character file.

Game seed: 9601518629028570331

162 Oblizorion the Poker (level 5, 0/41 HPs)
             Began as a Merfolk Gladiator on Mar 15, 2022.
             Slain by a gnoll
             ... wielding a +0 flail
              (9 damage)
             ... on level 3 of the Dungeon.
             The game lasted 00:16:17 (3001 turns).

Oblizorion the Poker (Merfolk Gladiator)            Turns: 3001, Time: 00:16:18

Health: 0/41       AC:  4    Str: 12 (15) XL:     5   Next: 43%
Magic:  5/5        EV: 14    Int:  4 (7)  God:
Gold:   118        SH:  0    Dex: 17      Spells: 4/4 levels left

rFire   . . .      SeeInvis .   a - +1 trident (chaos)
rCold   + . .      Faith    .   (no shield)
rNeg    . . .      Spirit   .   b - +0 leather armour "Hyranuca" {+Inv}
rPois   .          Reflect  .   c - +0 helmet
rElec   .          Harm     .   d - scarf {repulsion}
rCorr   .          Rampage  .   (no gloves)
Will    .....                   (no boots)
Stlth   ++........              (no amulet)
HPRegen 0.13/turn               m - ring of protection from cold
MPRegen 0.09/turn               (no ring)

@: repel missiles
A: (nimble swimmer 2), mertail
a: Evoke Invisibility


You were on level 3 of the Dungeon.
You visited 1 branch of the dungeon, and saw 3 of its levels.

You collected 118 gold pieces.

Inventory:

Hand Weapons
 a - a +1 trident of chaos (weapon)
 i - a +0 war axe
Missiles
 e - a javelin (quivered)
 g - 3 throwing nets
Armour
 b - the +0 leather armour "Hyranuca" (worn) {+Inv}
   (You found it on level 2 of the Dungeon)

   +Inv:      It lets you turn invisible.
 c - a +0 helmet (worn)
 d - a scarf of repulsion (worn)
Jewellery
 m - a ring of protection from cold (left hand)
Scrolls
 h - 2 scrolls of identify
Potions
 f - a potion of heal wounds


   Skills:
 + Level 3.1 Fighting
 + Level 5.8 Polearms
 + Level 2.1 Throwing
 + Level 1.4 Armour
 + Level 4.9 Dodging
 + Level 0.7 Stealth


You had 4 spell levels left.
You didn't know any spells.
Your spell library contained the following spells:

 Spells                   Type           Power      Damage    Failure   Level
 Animate Skeleton         Necr           0%         N/A       58%         1
 Apportation              Tloc           0%         N/A       58%         1
 Summon Small Mammal      Summ           0%         N/A       58%         1


Dungeon Overview and Level Annotations

Branches:
Dungeon (3/15)

Altars:


Innate Abilities, Weirdness & Mutations

((You are very nimble when in or above water. (Stealth+, EV+, Speed+++)))
Your lower body shifts to a powerful aquatic tail in water.


Message History

You hit the ball python.
You kill the ball python!
You see here a ball python corpse.
A gnoll comes into view. It is wielding a +0 flail.
The gnoll shouts!
The gnoll moves out of view.
A gnoll comes into view. It is wielding a +0 club.
The gnoll throws a throwing net.
The throwing net misses you.
You see here a throwing net.
The gnoll shouts!
You see here a ball python corpse.
A gnoll comes into view. It is wielding a +0 spear.
The gnoll barely misses you.
The gnoll shouts!
You hit the gnoll.
The gnoll is lightly wounded.
The gnoll completely misses you.
You hit the gnoll. You burn the gnoll.
The gnoll is heavily wounded.
The gnoll hits you with a +0 club.
You hit the gnoll.
The gnoll seems to grow stronger.
The gnoll is severely wounded.
You hit the gnoll. You burn the gnoll.
You kill the gnoll!
You feel your dexterity returning.
You completely miss the gnoll. The gnoll barely misses you.
You barely miss the gnoll. The gnoll closely misses you.
The gnoll hits you with a +0 flail.
You barely miss the gnoll. The gnoll barely misses you.
The gnoll closely misses you.
You hit the gnoll.
The gnoll flickers and vanishes!
Deactivating autopickup; reactivate with Ctrl-A.
The gnoll closely misses you. Something hits you but does no damage.
You closely miss something. Something hits you.
The gnoll hits you from afar with a +0 spear!
Something hits you. Something hits you.
* * * LOW HITPOINT WARNING * * *
Something hits you!
You die...

#.# #.# ############# #.#
#............
#######.########.####†......
............................
..................###.......
#######.########...##.......
............# #.#.######.##
..........#@# #.#..# #.# #.
..........#{# #.##.# #.# #.
###########.# #.##.## #.#
##'####### #g# #.##..# #.#
#........# #.# #.###.# #.#
#........# #.# #.###.####.##
#........######.##
#............
#...........†.).#
###..........
#..(#############
#..........


You could see a gnoll.

Vanquished Creatures
  6 adders
  2 gnolls
  3 worms
  5 dart slugs (D:1)
  4 ball pythons
  6 endoplasms
  A giant cockroach (D:2)
  6 goblins
  2 hobgoblins (D:1)
  12 jackals
  2 quokkas (D:1)
  5 bats
  6 frilled lizards
  6 kobolds
  2 rats
68 creatures vanquished.

Notes
Turn   | Place    | Note
-------+----------+-------------------------------------------
     0 | D:1      | Oblizorion the Merfolk Gladiator began the quest for the
                  | Orb.
     0 | D:1      | Reached XP level 1. HP: 16/16 MP: 1/1
   222 | D:1      | Reached XP level 2. HP: 21/23 MP: 2/2
   437 | D:1      | Reached XP level 3. HP: 3/28 MP: 3/3
   778 | D:1      | Reached skill level 5 in Polearms
   843 | D:1      | Found a faded altar of an unknown god.
  1543 | D:2      | Reached XP level 4. HP: 7/34 MP: 4/4
  2116 | D:2      | Reached skill level 1 in Armour
  2486 | D:2      | Identified the +0 leather armour "Hyranuca" {+Inv}
  2529 | D:2      | Reached XP level 5. HP: 38/41 MP: 5/5
  3001 | D:3      | Slain by a gnoll

Illustrated notes

Levels and vault maps discovered:
D:1:      wander_arrival_estate, layout_basic,
          hellmonk_ecumenical_altar_pennies_from_heaven, patterned_corridor
D:2:      layout_basic
D:3:      layout_basic, serial_shops, nicolae_shop_hallway_stairs, minivault_27

Skill      XL: |  1  2  3  4 |
---------------+-------------+-----
Polearms       | 5 |  5.8
Armour         | 1 |  1.4
Fighting       | 3 |  3.1
Throwing       | |  2.1
Dodging        | |  4.9
Stealth        | |  0.7

Action                   |  1- 3 |  4- 6 || total
-------------------------+-------+-------++-------
Melee: Trident           |   101 |   115 ||   216
       Punch             |       |     2 ||     2
  Use: Scroll            |       |     7 ||     7
       Potion            |       |     5 ||     5
 Stab: Sleeping          |     1 |       ||     1
Armor: Leather armour    |    27 |    32 ||    59
Dodge: Dodged            |    95 |    85 ||   180
       Repelled          |     1 |       ||     1

Table legend: (Time is in decaauts)
 A = Elapsed time spent in this place.
 B = Non-inter-level travel time spent in this place.
 C = Inter-level travel time spent in this place.
 D = Time resting spent in this place.
 E = Time spent auto-exploring this place.
 F = Levels seen in this place.
 G = Mean time per level.
                   A        B        C        D        E       F      G
               +--------+--------+--------+--------+--------+-----+--------+
         Total |   3007 |   2956 |     51 |    995 |    969 |   3 | 1002.3 |
       Dungeon |   3007 |   2956 |     51 |    995 |    969 |   3 | 1002.3 |
               +--------+--------+--------+--------+--------+-----+--------+

Top non-repeatable levels by time:
     D:1: 1466 daAuts
     D:2: 1192 daAuts
     D:3: 348 daAuts
